[Event "36th Cappelle Open 2020"]
[Site "Cappelle-la-Grande"]
[Date "2020.02.22"]
[Round "1.12"]
[White "Sadikhov, Ulvi"]
[Black "Lacrosse, Marc"]
[Result "1-0"]
[ECO "C54"]
[WhiteElo "2496"]
[BlackElo "2113"]
[Annotator "ChessBase"]
[PlyCount "33"]
[EventDate "2020.02.22"]
[EventType "swiss"]
[EventCountry "FRA"]
[SourceTitle "playchess.com"]
[Source "ChessBase"]
[SourceQuality "1"]
[TimeControl "40/5400+30:1800+30"]

1. e4 e5 2. Nf3 Nc6 3. Bc4 Bc5 4. c3 Nf6 5. d3 a6 6. Bb3 Ba7 7. Nbd2 O-O 8. h3 h6 9. Nf1 d5 10. Qe2 Re8 11. g4 dxe4 12. dxe4 Na5 13. Bc2 Bd7 14. Bd3 Bb5 15. Bxb5 axb5 16. Ng3 b4 17. g5 1-0

[Event "36th Cappelle Open 2020"]
[Site "Cappelle-la-Grande"]
[Date "2020.02.23"]
[Round "2.11"]
[White "Sterck, Arno"]
[Black "Wiedenkeller, Michael"]
[Result "*"]
[ECO "C45"]
[WhiteElo "2227"]
[BlackElo "2455"]
[Annotator "ChessBase"]
[PlyCount "20"]
[EventDate "2020.02.22"]
[EventType "swiss"]
[EventCountry "FRA"]
[SourceTitle "playchess.com"]
[Source "ChessBase"]
[SourceQuality "1"]
[TimeControl "40/5400+30:1800+30"]

1. e4 e5 2. Nf3 Nc6 3. d4 exd4 4. Nxd4 Nf6 5. Nxc6 bxc6 6. e5 Qe7 7. Qe2 Nd5 8. h4 a5 9. g3 Ba6 10. c4 a4 *

[Event "36th Cappelle Open 2020"]
[Site "Cappelle-la-Grande"]
[Date "2020.02.23"]
[Round "2.12"]
[White "Kollar, Romain"]
[Black "Dardha, Daniel"]
[Result "*"]
[ECO "B33"]
[WhiteElo "2216"]
[BlackElo "2442"]
[Annotator "ChessBase"]
[PlyCount "28"]
[EventDate "2020.02.22"]
[EventType "swiss"]
[EventCountry "FRA"]
[SourceTitle "playchess.com"]
[Source "ChessBase"]
[SourceQuality "1"]
[TimeControl "40/5400+30:1800+30"]

1. e4 c5 2. Nf3 Nc6 3. d4 cxd4 4. Nxd4 Nf6 5. Nc3 e5 6. Ndb5 d6 7. Bg5 a6 8. Na3 b5 9. Nd5 Be7 10. Bxf6 Bxf6 11. g3 Bg5 12. Bg2 O-O 13. O-O Be6 14. Qd3 Qb8 *